 Dungeon Crawl Stone Soup version 0.21.0 (webtiles) character file.

6622 Itrustedyou the Cleaver (level 10, -5/90 HPs)
             Began as a Purple Draconian Berserker on Jan 6, 2018.
             Was a High Priest of Trog.
             Killed from afar by an orc warrior (28 damage)
             ... with an exploding inner flame
             ... hexed by the player character
             ... on level 1 of the Orcish Mines.
             The game lasted 01:52:36 (8964 turns).

Itrustedyou the Cleaver (DrBe)                      Turns: 8964, Time: 01:52:37

Health: -5/90      AC: 16    Str: 23    XL:     10   Next: 72%
Magic:  10/10      EV: 15    Int:  7    God:    Trog [*****.]
Gold:   509        SH:  0    Dex: 11    Spells: 9/9 levels left

rFire    . . .     SeeInvis .   F - +3 hand axe
rCold    + . .     Gourm    .   (no shield)
rNeg     . . .     Faith    .   (armour unavailable)
rPois    .         Spirit   .   (helmet restricted)
rElec    .         Reflect  .   f - +2 cloak
rCorr    .         Harm     .   e - +2 pair of gloves
MR       +++..                  r - +2 pair of boots
Stlth    ++........             z - amulet of magic regeneration
HPRegen  1.25/turn              m - ring of protection from cold
MPRegen  0.37/turn              (no ring)

@: regenerating
A: breathe power, unfitting armour, cold-blooded, AC +7
a: Breathe Dispelling Energy, Berserk, Trog's Hand, Brothers in Arms, Burn
Spellbooks, Renounce Religion


You were on level 1 of the Orcish Mines.
You worshipped Trog.
Trog was extremely pleased with you.
You were not hungry.

You visited 3 branches of the dungeon, and saw 11 of its levels.

You collected 509 gold pieces.

Inventory:

Hand Weapons
 h - a +0 hunting sling
 F - a +3 hand axe (weapon)
Missiles
 i - 292 stones (quivered)
 j - 64 bolts
 k - 84 sling bullets
 n - 3 poisoned tomahawks
 o - 183 arrows
 C - 15 poisoned needles
 G - 10 tomahawks
 K - 4 needles of confusion
Armour
 e - a +2 pair of gloves (worn)
 f - a +2 cloak (worn)
 r - a +2 pair of boots (worn)
Jewellery
 m - a ring of protection from cold (left hand)
 s - an uncursed ring of teleportation
 z - an amulet of magic regeneration (around neck)
 D - a +2 ring of protection {unknown}
 O - an uncursed ring of ice {unknown}
Wands
 w - a wand of polymorph (26)
 H - a wand of acid (5)
 I - a wand of flame (22)
Scrolls
 a - 2 scrolls of enchant armour
 l - 6 scrolls of remove curse
 q - a scroll of fog
 t - a scroll of teleportation
 y - a scroll of fear
 E - a scroll of holy word
 L - a scroll of blinking
 N - 3 scrolls of identify
 P - a scroll of magic mapping
Potions
 c - 3 potions of resistance
 d - 4 potions of flight
 g - a potion of curing
 p - a potion of cancellation {unknown}
 u - a potion of agility
 v - 2 potions of heal wounds {unknown}
 x - 2 potions of brilliance
 J - a potion of berserk rage {unknown}
 M - a potion of lignification {unknown}
Books
 B - a Young Poisoner's Handbook

   Spells                             Type                      Level
   a - Sting                          Conjuration/Poison           1
   b - Poisonous Vapours              Poison/Air                   2
   c - Mephitic Cloud                 Conjuration/Poison/Air       3
   d - Olgreb's Toxic Radiance        Poison                       4
   e - Venom Bolt                     Conjuration/Poison           5
   Trog disapproves of the use of such an item.
Comestibles
 b - 15 rations
 Q - 12 chunks of flesh


   Skills:
 + Level 8.7 Fighting
 + Level 10.3(11.2) Axes
   Level 7.3(9.9) Polearms
 + Level 0.1 Throwing
 + Level 7.0 Dodging
 + Level 3.5 Stealth


You had 9 spell levels left.
You didn't know any spells.

Dungeon Overview and Level Annotations

Branches:
Dungeon (9/15)             Temple (1/1) D:7             Orc (1/2) D:9
   Lair: D:8-11

Altars:
Ashenzari
Cheibriados
Dithmenos
Elyvilon
Fedhas
Gozag
Hepliaklqana
Kikubaaqudgha
Makhleb
Nemelex Xobeh
Okawaru
Qazlal
Ru
Sif Muna
Trog
Uskayaw
Vehumet
Wu Jian
Xom
Yredelemnul
Zin
The Shining One

Shops:
D:9 (


Innate Abilities, Weirdness & Mutations

You can breathe bolts of dispelling energy.
Your rich purple scales are hard. (AC +7)
You cannot fit into any form of body armour.
You are cold-blooded and may be slowed by cold attacks.


Message History

Trog accepts your kill.
You completely miss the orc warrior.
The orc warrior hits you but does no damage.
An orc warrior comes into view. It is wielding a trident.
You closely miss the orc warrior.
The orc warrior is heavily wounded.
The orc warrior misses you.
The orc warrior shouts!
You hit the orc warrior but do no damage.
Your tail-slap misses the orc warrior.
The orc warrior is heavily wounded.
You hear a shout!
You hit the orc warrior but do no damage.
You tail-slap the orc warrior.
The orc warrior is severely wounded.
You hit the orc warrior. The orc warrior barely misses you.
You slash the orc warrior!
The orc warrior explodes!
The fiery explosion engulfs you!
You die...

## #.## #...## ### ## ###
.(...# ##.###
##.##.##......
#....###...(.....# ##....#
#...(oO.###...
####....####..§@#()..O...
##)#))...##.##(§§.........
#..).[[......(##.#......>.
##.#)<#....o.().....#.....
#######..................
#..................
#...................
#.....#.............
#......##....#o.


You could see a two-headed ogre (inner flame) and 2 orc warriors.

Vanquished Creatures
  The ghost of civil the Grappler, a novice TrBe of Trog (D:8)
  The ghost of MetaCosm the Destroyer, a novice DEFE of Sif Muna (D:6)
  Grinder (D:3)
  A hippogriff (D:8)
  4 water moccasins
  10 orc warriors
  An ice beast (D:7)
  2 sky beasts
  2 phantoms
  6 ogres
  The ghost of Potronius the Conjurer, an amateur DrCj (D:4)
  6 centaurs
  3 scorpions
  7 killer bees (D:9)
  A howler monkey (D:4)
  4 crimson imps
  2 gnoll shamans (D:5)
  3 hounds
  8 orc priests
  11 orc wizards
  A bullfrog skeleton (D:6)
  4 centaur skeletons
  Jessica (D:2)
  5 iguanas (D:7)
  5 worker ants
  4 hound skeletons
  19 gnolls
  A worker ant zombie (D:5)
  8 adders
  A howler monkey skeleton (D:5)
  2 shadow imps
  An adder skeleton (D:4)
  3 adder zombies
  2 worms
  4 dart slugs
  3 leopard geckos
  38 orcs
  A ball python (D:3)
  5 giant cockroaches
  9 goblins
  9 hobgoblins
  4 jackals
  A quokka (D:2)
  A ball python skeleton (D:3)
  10 bats
  7 frilled lizards
  A jackal skeleton (D:4)
  6 kobolds
  A leopard gecko skeleton (D:7)
  3 leopard gecko zombies
  2 quokka skeletons
  9 rats
  2 plants (D:6)
  3 withered plants
251 creatures vanquished.

Vanquished Creatures (collateral kills)
  A troll (Orc:1)
  A gnoll sergeant (D:9)
  A gnoll (D:9)
3 creatures vanquished.

Grand Total: 254 creatures vanquished

Notes
Turn   | Place    | Note
-------+----------+-------------------------------------------
     0 | D:1      | Itrustedyou the Draconian Berserker began the quest for the Orb.
     0 | D:1      | Reached XP level 1. HP: 19/19 MP: 1/1
   118 | D:1      | Reached XP level 2. HP: 20/26 MP: 2/2
   529 | D:1      | Reached ** piety under Trog
   656 | D:1      | Reached XP level 3. HP: 28/31 MP: 3/3
   992 | D:2      | Noticed Jessica
  1003 | D:2      | Killed Jessica
  1120 | D:2      | Reached XP level 4. HP: 38/40 MP: 4/4
  1291 | D:2      | Found an ornate altar of the Wu Jian Council.
  1518 | D:2      | Found a sparkling altar of Nemelex Xobeh.
  1836 | D:2      | Found a deep blue altar of Sif Muna.
  2321 | D:3      | Found an iron altar of Okawaru.
  2363 | D:3      | Reached XP level 5. HP: 27/46 MP: 5/5
  2549 | D:3      | Noticed Grinder
  2549 | D:3      | Paralysed by Grinder for 6 turns
  2564 | D:3      | Killed Grinder
  2564 | D:3      | Reached skill level 5 in Polearms
  2564 | D:3      | Reached XP level 6. HP: 26/53 MP: 6/6
  2991 | D:4      | Noticed Potronius's ghost (amateur DrCj)
  3007 | D:4      | Reached skill level 1 in Stealth
  3019 | D:4      | Killed Potronius's ghost
  3057 | D:4      | Found a hide-covered altar of Uskayaw.
  3306 | D:4      | Your scales start taking on a rich purple colour.
  3306 | D:4      | Reached XP level 7. HP: 60/60 MP: 7/7
  3376 | D:4      | Reached *** piety under Trog
  3591 | D:4      | Reached skill level 5 in Fighting
  3665 | D:5      | Entered Level 5 of the Dungeon
  3919 | D:5      | Reached skill level 1 in Axes
  4107 | D:5      | Reached skill level 2 in Axes
  4171 | D:5      | Reached XP level 8. HP: 68/68 MP: 8/8
  4181 | D:5      | Reached skill level 3 in Axes
  4305 | D:5      | Reached **** piety under Trog
  4527 | D:5      | Reached skill level 4 in Axes
  4862 | D:6      | Found a hazy altar of Hepliaklqana.
  5053 | D:6      | Found a shattered altar of Ashenzari.
  5057 | D:6      | Reached skill level 5 in Axes
  5062 | D:6      | Reached skill level 5 in Dodging
  5092 | D:6      | Found an ancient bone altar of Kikubaaqudgha.
  5092 | D:6      | Found a blossoming altar of Fedhas.
  5122 | D:6      | Noticed MetaCosm's ghost (novice DEFE)
  5187 | D:6      | Killed MetaCosm's ghost
  5187 | D:6      | Reached skill level 6 in Axes
  5187 | D:6      | Reached XP level 9. HP: 62/75 MP: 9/9
  5490 | D:7      | Reached skill level 7 in Axes
  5526 | D:7      | Found a bloodstained altar of Trog.
  5665 | D:7      | Found a staircase to the Ecumenical Temple.
  5714 | D:7      | Found a glowing golden altar of the Shining One.
  5803 | D:7      | Found a shadowy altar of Dithmenos.
  5854 | D:7      | Reached skill level 8 in Axes
  6230 | Temple   | Entered the Ecumenical Temple
  6517 | D:8      | Noticed civil's ghost (novice TrBe)
  6536 | D:8      | Killed civil's ghost
  6536 | D:8      | Reached ***** piety under Trog
  6536 | D:8      | Reached skill level 9 in Axes
  6536 | D:8      | Reached XP level 10. HP: 83/86 MP: 10/10
  6769 | D:8      | Found a stormy altar of Qazlal.
  7812 | D:9      | Found a staircase to the Orcish Mines.
  7915 | D:9      | Found Suugimum's Weapon Shop.
  8022 | D:9      | Found a bloodstained altar of Trog.
  8185 | D:9      | Reached skill level 10 in Axes
  8831 | Orc:1    | Entered Level 1 of the Orcish Mines
  8953 | Orc:1    | Noticed a two-headed ogre
  8964 | Orc:1    | Killed from afar by an orc warrior

Skill      XL: |  1  2  3  4  5  6  7  8  9 10 |
---------------+-------------------------------+-----
Dodging        | 3 4 5 6 7 |  7.0
Polearms       | 4 5 6 7 |  7.3
Fighting       | 4 5 6 7 8 |  8.7
Stealth        | 1 2 3 |  3.5
Axes           | 2 6 9 10 | 10.3
Throwing       | |  0.1

Action                   |  1- 3 |  4- 6 |  7- 9 | 10-12 || total
-------------------------+-------+-------+-------+-------++-------
Melee: Spear             |   106 |   267 |    51 |       ||   424
       Tailslap          |    13 |    53 |    71 |    29 ||   166
       War axe           |       |       |   210 |       ||   210
       Hand axe          |       |       |   147 |   224 ||   371
Throw: Stone             |       |     4 |     2 |       ||     6
Invok: Berserk           |     1 |     4 |     9 |    11 ||    25
       Trog's Hand       |     1 |     1 |       |     1 ||     3
       Burn Spellbooks   |       |       |     1 |       ||     1
       Brothers in Arms  |       |       |       |     2 ||     2
Evoke: Wand              |       |       |       |     2 ||     2
  Use: Scroll            |     3 |    12 |    10 |     3 ||    28
       Potion            |       |     2 |     1 |     1 ||     4
 Stab: Sleeping          |     2 |     3 |     2 |     1 ||     8
       Distracted        |       |       |     1 |       ||     1
  Eat: Chunk             |     2 |    11 |    15 |    13 ||    41
       Ration            |       |       |     1 |     2 ||     3
Armor: Skin              |    22 |    45 |   112 |    73 ||   252
Dodge: Dodged            |    83 |    76 |   254 |   191 ||   604
